 Dungeon Crawl Stone Soup version 0.30-a0-368-g86fb4627a9 (webtiles) character file.

Game seed: 1582824098845793517

263 lunkers the Cutter (level 5, 0/43 HPs)
             Began as an Armataur Reaver on Nov 19, 2022.
             Was an Initiate of Gozag.
             Killed from afar by an orc wizard (7 damage)
             ... with a magic dart
             ... on level 3 of the Dungeon.
             The game lasted 00:04:41 (2557 turns).

lunkers the Cutter (Armataur Reaver)                Turns: 2557, Time: 00:04:41

Health: 0/43       AC:  4    Str: 20    XL:     5   Next: 98%
Magic:  7/7        EV:  9    Int: 13    God:    Gozag
Gold:   146        SH:  0    Dex:  8    Spells: 6/7 levels left

rFire   . . .      SeeInvis .    c - +1 dagger (speed)
rCold   . . .      Faith    .    (no shield)
rNeg    . . .      Spirit   .    b - +0 leather armour
rPois   .          Reflect  .    (no helmet)
rElec   .          Harm     .    g - scarf {repulsion}
rCorr   .          Roll     +    (no gloves)
Will    .....                    (no barding)
Stlth   +.........               (no amulet)
HPRegen 0.27/turn                (no ring)
MPRegen 0.10/turn                (no ring)

@: repel missiles
A: large, rugged brown scales 3, deformed body, armoured tail, roll, long
tongue, awkward tongue
a: Renounce Religion, Potion Petition, Call Merchant, Bribe Branch


You were on level 3 of the Dungeon.
You worshipped Gozag.
Gozag was aware of your devotion.
You visited 1 branch of the dungeon, and saw 3 of its levels.

You collected 170 gold pieces.
You paid 24 gold pieces to Gozag.

Inventory:

Hand Weapons
 a - a +0 short sword
 c - a +1 dagger of speed (weapon)
 f - a +2 dagger of flaming
Armour
 b - a +0 leather armour (worn)
 g - a scarf of repulsion (worn)
Scrolls
 e - 2 scrolls of teleportation
 h - a scroll of poison {unknown}
 j - a scroll of acquirement {unknown}
 k - 2 scrolls of fear {unknown}
 l - 2 scrolls of identify
Potions
 d - a potion of cancellation


   Skills:
 + Level 2.2 Fighting
 - Level 6.0 Short Blades
 - Level 1.3 Dodging
 - Level 1.7 Spellcasting
 - Level 2.6 Conjurations


You had 6 spell levels left.
You knew the following spells:

 Your Spells              Type           Power      Damage    Failure   Level
p - Kiss of Death         Conj/Necr      16%        2d6       19%         1

Your spell library contained the following spells:

 Spells                   Type           Power      Damage    Failure   Level
 Foxfire                  Conj/Fire      16%        2x1d4     19%         1
 Momentum Strike          Conj/Tloc      8%         3d8       26%         2
 Hailstorm                Conj/Ice       4%         3d4       47%         3
 Ozocubu's Armour         Ice            1%         N/A       67%         3
 Fireball                 Conj/Fire      2%         3d4       99%         5
 Starburst                Conj/Fire      2%         6d3       100%        6
 Ozocubu's Refrigeration  Ice            0%         4d7       100%        7


Dungeon Overview and Level Annotations

Branches:
Dungeon (3/15)

Altars:
Gozag

Shops:
D:1 [(!:[   D:2 *

Annotations:
D:1 2 transporters
D:2 Terence


Innate Abilities, Weirdness & Mutations

You are completely covered in rugged brown scales. (AC +3, +7% HP)
Armour fits poorly on your strangely shaped body.
You have a long armoured tail.
You roll when moving toward enemies. (Rampage)
Your long tongue fully drains potion bottles. (2x potion effects)
Your tongue gives you trouble enunciating. (1.5x scroll delay)


Message History

* * * LOW HITPOINT WARNING * * *
Something unexpectedly blocked you, preventing you from rolling!
You hit something.
Something unexpectedly blocked you, preventing you from rolling!
You closely miss something.
Your tail-slap misses something.
Something unexpectedly blocked you, preventing you from rolling!
You hit something. Something hits you.
* * * LOW HITPOINT WARNING * * *
Something unexpectedly blocked you, preventing you from rolling!
You miss something.
Something unexpectedly blocked you, preventing you from rolling!
You barely miss something. Something hits you but does no damage.
Something unexpectedly blocked you, preventing you from rolling!
You barely miss something.
Something unexpectedly blocked you, preventing you from rolling!
You miss something. Something hits you but does no damage.
Something unexpectedly blocked you, preventing you from rolling!
You hit something.
Your tail-slap misses something.
Something unexpectedly blocked you, preventing you from rolling!
You closely miss something. Something hits you.
* * * LOW HITPOINT WARNING * * *
Something unexpectedly blocked you, preventing you from rolling!
You hit something.
Your tail-slap misses something.
Something unexpectedly blocked you, preventing you from rolling!
You hit something.
You hear some strange, mumbled words.
A magic dart appears from out of thin air!
The magic dart hits you.
* * * LOW HITPOINT WARNING * * *
Something unexpectedly blocked you, preventing you from rolling!
You closely miss something.
Something unexpectedly blocked you, preventing you from rolling!
You barely miss something.
Your tail-slap misses something.
Something unexpectedly blocked you, preventing you from rolling!
You barely miss something.
You hear some strange, mumbled words.
A magic dart appears from out of thin air!
The magic dart hits you!
You die...
Your body crumbles into a pile of gold.

#........ #.......
......< ..... . ..
..w. .. #.# .######
oo##.###.##.#.....
#{##........#.####
#.##@##..........####
#..$......#.##...##..
#####...[...##...##.#
#...#..##.........
#...#..##......#.#
#...#......<.....#
#...##.........#.#
#...#####......#.# #
#)..# #.##.###.#


You could see a worm and 2 orcs.

Vanquished Creatures
  Sigmund (D:3)
  3 gnolls
  2 adders
  2 dart slugs
  2 orcs (D:3)
  4 endoplasms
  A giant cockroach (D:1)
  5 goblins (D:1)
  2 hobgoblins
  4 quokkas
  5 ball pythons
  3 bats
  A frilled lizard (D:2)
  7 kobolds (D:1)
  3 rats
45 creatures vanquished.

Notes
Turn   | Place    | Note
-------+----------+-------------------------------------------
     0 | D:1      | lunkers the Armataur Reaver began the quest for the Orb.
     0 | D:1      | Reached XP level 1. HP: 18/18 MP: 3/3
    68 | D:1      | Found Leraw's Antique Armour Shoppe.
   125 | D:1      | Reached skill level 3 in Short Blades
   135 | D:1      | Found Kevifr Penn's Armour Shop.
   164 | D:1      | Reached XP level 2. HP: 16/25 MP: 4/4
   240 | D:1      | Found Wilethrem's Weapon Shoppe.
   339 | D:1      | Found Void's Distillery.
   525 | D:1      | Found Qetinny's Book Shop.
  1043 | D:1      | Reached skill level 4 in Short Blades
  1043 | D:1      | Reached XP level 3. HP: 2/31 MP: 5/5
  1584 | D:2      | Found an opulent altar of Gozag.
  1617 | D:2      | Reached XP level 4. HP: 36/38 MP: 6/6
  1623 | D:2      | Became a worshipper of Gozag Ym Sagoz the Greedy
  1679 | D:2      | Noticed Terence
  1701 | D:2      | Found Ruloow's Assorted Antiques.
  2271 | D:3      | Noticed Sigmund
  2287 | D:3      | Killed Sigmund
  2288 | D:3      | Reached skill level 6 in Short Blades
  2288 | D:3      | Reached XP level 5. HP: 26/43 MP: 7/7
  2557 | D:3      | Killed from afar by an orc wizard

Illustrated notes

Levels and vault maps discovered:
D:1:      spicycebolla_arrival_transporter_tutorial, layout_loops_ring,
          serial_shops, nicolae_lakefront_shop, nicolae_shop_statue_plus,
          nicolae_shop_bloodbath_and_beyond, nicolae_shop_behind_doors, shop
D:2:      layout_loops_cross, serial_shops, shop, basic_altar,
          corexii_item_surrounded_by_moat, amcnicky_mini_rare_corridor_liquid,
          uniq_terence
D:3:      layout_loops_cross, uniq_sigmund

Skill      XL: |  1  2  3  4 |
---------------+-------------+-----
Short Blades   | 3 4 6 |  6.0
Fighting       | 2 |  2.2
Dodging        | |  1.3
Spellcasting   | |  1.7
Conjurations   | |  2.6

Action                   |  1- 3 |  4- 6 || total
-------------------------+-------+-------++-------
Melee: Dagger            |   130 |   130 ||   260
       Short sword       |     8 |       ||     8
       Tailslap          |    11 |    10 ||    21
       Punch             |     1 |       ||     1
Throw: Throwing net      |       |     1 ||     1
  Use: Scroll            |       |     4 ||     4
       Potion            |       |     2 ||     2
 Stab: Sleeping          |     1 |       ||     1
Armor: Leather armour    |    29 |     8 ||    37
Dodge: Dodged            |    49 |    27 ||    76

Table legend: (Time is in decaauts)
 A = Elapsed time spent in this place.
 B = Non-inter-level travel time spent in this place.
 C = Inter-level travel time spent in this place.
 D = Time resting spent in this place.
 E = Time spent auto-exploring this place.
 F = Levels seen in this place.
 G = Mean time per level.
                   A        B        C        D        E       F      G
               +--------+--------+--------+--------+--------+-----+--------+
         Total |   2438 |   2293 |    145 |    482 |   1420 |   3 |  812.7 |
       Dungeon |   2438 |   2293 |    145 |    482 |   1420 |   3 |  812.7 |
               +--------+--------+--------+--------+--------+-----+--------+

Top non-repeatable levels by time:
     D:1: 1415 daAuts
     D:2: 729 daAuts
     D:3: 293 daAuts
